 Dungeon Sprint DCSS version 0.26-a0-663-g36e8fdb655 (webtiles) character file.

Game seed: 15968455546548502515

6198 mhtbhm the Eclecticist (level 10, -1/52 HPs)
             Began as a Deep Elf Earth Elementalist on Oct 12, 2020.
             Was a High Priest of Vehumet.
             Slain by a dire elephant (24 damage)
             ... in the Dungeon (Sprint IX: "|||||||||||||||||||||||||||||").
             The game lasted 00:04:38 (1713 turns).

mhtbhm the Eclecticist (DEEE)                       Turns: 1713, Time: 00:04:38

Health: -1/52      AC:  5    Str:  5    XL:     10   Next: 61%
Magic:  6/35       EV: 16    Int: 27    God:    Vehumet [*****.]
Gold:   0          SH:  0    Dex: 15    Spells: 32/47 levels left

rFire    . . .     SeeInvis .   m - staff of poison
rCold    . . .     Faith    .   (no shield)
rNeg     . . .     Spirit   .   c - +0 robe
rPois    +         Reflect  .   (no helmet)
rElec    .         Harm     .   (no cloak)
rCorr    .         Rampage  .   (no gloves)
MR       +....     NoTele   +   n - +0 pair of boots
Stlth    ++++......             (no amulet)
HPRegen  0.17/turn              o - +2 ring of protection
MPRegen  0.24/turn              p - +3 ring of intelligence

@: hasted, very quick
A: no striking features
a: Renounce Religion


You were in the Dungeon.
You worshipped Vehumet.
Vehumet was extremely pleased with you.
You visited 1 branch

Inventory:

Missiles
 b - 15 stones (quivered)
Armour
 c - a +0 robe (worn)
 n - a +0 pair of boots (worn)
Magical Staves
 m - an uncursed staff of poison (weapon)
Jewellery
 o - a +2 ring of protection (left hand)
 p - a +3 ring of intelligence (right hand)
Wands
 l - a wand of iceblast (10)
Scrolls
 i - 2 scrolls of blinking
 j - 3 scrolls of remove curse
 k - 2 scrolls of amnesia
 t - a scroll of identify
 u - a scroll of fear
 v - 2 scrolls of enchant weapon
 w - a scroll of fog
Potions
 a - a potion of invisibility
 d - 7 potions of curing
 e - 2 potions of heal wounds
 g - 4 potions of magic
 h - a potion of berserk rage
 q - a potion of resistance
 r - a potion of stabbing
 s - a potion of brilliance


   Skills:
 + Level 1.1 Fighting
 + Level 6.9 Dodging
 + Level 7.0 Stealth
 + Level 19.2 Spellcasting
 + Level 2.0 Conjurations
 + Level 1.9 Transmutations
 + Level 18.8 Earth Magic


You had 32 spell levels left.
You knew the following spells:

 Your Spells              Type           Power        Failure   Level
a - Sandblast             Erth           ######       0%          1
b - Passwall              Tmut/Erth      ######..     1%          2
c - Stone Arrow           Conj/Erth      ######       1%          3
d - Lee's Rapid Deconstr  Erth           #######...   0%          5
e - Petrify               Tmut/Erth      ######..     1%          4

Your spell library contained the following spells:

 Spells                   Type           Power        Failure   Level
 Iskenderun's Battlesphe  Conj           #####...     5%          5


Dungeon Overview and Level Annotations

Branches:
Dungeon (1/1)

Altars:
Cheibriados
Dithmenos
Elyvilon
Fedhas
Gozag
Hepliaklqana
Kikubaaqudgha
Makhleb
Nemelex Xobeh
Okawaru
Qazlal
Ru
Sif Muna
Trog
Uskayaw
Vehumet
Wu Jian
Xom
Yredelemnul
Zin
The Shining One
Beogh
Jiyva
Lugonu


Message History

Casting: Lee's Rapid Deconstruction (safe; 0% risk of failure)
Confirm with . or Enter, or press ? or * to list all spells.
Press: ? - help, Shift-Dir - straight line, f - dire elephant, p - elephant
Aim: a dire elephant (severely wounded)
The stone arrow hits the dire elephant!
The dire elephant is severely wounded.
The dire elephant tramples you.
You stumble backwards!
Unknown command.
Casting: Stone Arrow (safe; 1% risk of failure)
Confirm with . or Enter, or press ? or * to list all spells.
Okay, then.
Casting: Stone Arrow (safe; 1% risk of failure)
Confirm with . or Enter, or press ? or * to list all spells.
Aiming: Petrify (safe; 1% risk of failure)
Press: ? - help, Shift-Dir - straight line, f/p - dire elephant
Aim: a dire elephant (severely wounded, chance to defeat MR: 16%)
Okay, then.
You feel yourself speed up.
The elephant stops moving altogether!
The dire elephant tramples you!!
You die...

▓▓▓▓▓▓▓▓▓▓▓▓▓▓▓▓▓▓▓▓▓▓▓▓▓▓▓▓▓▓▓▓▓
'..[[..)..'______________________
▓▓▓▓▓▓▓▓▓▓▓▓▓▓▓▓▓▓▓▓▓▓▓▓▓▓▓▓▓▓▓▓▓
.................................
▓▓▓▓▓▓▓▓▓▓▓▓▓▓▓▓▓▓▓▓▓▓▓▓▓▓▓▓▓▓▓▓▓
Y....YY.YY.Y@...'.........'..
▓▓▓▓▓▓▓▓▓▓▓▓▓▓▓▓▓▓▓▓▓▓▓▓▓▓▓▓▓


You could see 2 dire elephants and 3 elephants.

Vanquished Creatures
  A boulder beetle (D)
  A hydra (D)
  A two-headed ogre (D)
  2 black mambas (D)
  A gargoyle (D)
  2 cane toads (D)
  2 polar bears (D)
  2 trolls (D)
  A wind drake (shapeshifter) (D)
  A wraith (D)
  2 yaks (D)
  Eustachio (D)
  4 water moccasins (D)
  A necrophage (D)
  2 ogres (D)
  A wolf (D)
  3 bullfrogs (D)
  A scorpion (D)
  A howler monkey (D)
  A hound (D)
  An orc wizard (D)
  2 adders (D)
  An adder zombie (D)
  A bat (D)
  A giant cockroach (D)
  A ball python (D)
  A goblin (D)
  2 kobolds (D)
41 creatures vanquished.

Notes
Turn   | Place    | Note
-------+----------+-------------------------------------------
     0 | D        | mhtbhm the Deep Elf Earth Elementalist began the quest for
                  | the Orb.
     0 | D        | Reached XP level 1. HP: 10/10 MP: 6/6
    80 | D        | Noticed an ogre
    80 | D        | Noticed a howler monkey
    83 | D        | Reached skill level 4 in Spellcasting
    83 | D        | Reached skill level 5 in Earth Magic
    83 | D        | Reached XP level 2. HP: 12/15 MP: 5/9
    87 | D        | Killed a howler monkey
    87 | D        | Reached skill level 5 in Spellcasting
    87 | D        | Reached XP level 3. HP: 19/19 MP: 2/12
    89 | D        | Killed an ogre
    89 | D        | Reached skill level 7 in Spellcasting
    89 | D        | Reached XP level 4. HP: 24/24 MP: 0/15
    90 | D        | Reached XP level 5. HP: 28/28 MP: 0/17
    95 | D        | Learned a level 2 spell: Passwall
    99 | D        | Learned a level 3 spell: Stone Arrow
   105 | D        | Learned a level 5 spell: Lee's Rapid Deconstruction
   110 | D        | Learned a level 4 spell: Petrify
   115 | D        | Found a roughly hewn altar of Beogh.
   115 | D        | Found a snail-covered altar of Cheibriados.
   115 | D        | Found a shadowy altar of Dithmenos.
   115 | D        | Found a white marble altar of Elyvilon.
   115 | D        | Found a blossoming altar of Fedhas.
   115 | D        | Found an opulent altar of Gozag.
   116 | D        | Found a hazy altar of Hepliaklqana.
   117 | D        | Found a viscous altar of Jiyva.
   118 | D        | Found an ancient bone altar of Kikubaaqudgha.
   119 | D        | Found a corrupted altar of Lugonu.
   120 | D        | Found a burning altar of Makhleb.
   121 | D        | Found a sparkling altar of Nemelex Xobeh.
   122 | D        | Found an iron altar of Okawaru.
   123 | D        | Found a stormy altar of Qazlal.
   124 | D        | Found a sacrificial altar of Ru.
   125 | D        | Found a shimmering blue altar of Sif Muna.
   126 | D        | Found a bloodstained altar of Trog.
   127 | D        | Found a hide-covered altar of Uskayaw.
   128 | D        | Found a radiant altar of Vehumet.
   129 | D        | Found an ornate altar of the Wu Jian Council.
   130 | D        | Found a shimmering altar of Xom.
   131 | D        | Found a basalt altar of Yredelemnul.
   132 | D        | Found a glowing silver altar of Zin.
   133 | D        | Found a glowing golden altar of the Shining One.
   136 | D        | Became a worshipper of Vehumet
   235 | D        | Noticed a necrophage
   235 | D        | Noticed a two-headed ogre
   235 | D        | Noticed a gargoyle
   238 | D        | Killed a gargoyle
   238 | D        | Reached skill level 5 in Dodging
   238 | D        | Reached skill level 5 in Stealth
   238 | D        | Reached skill level 10 in Spellcasting
   238 | D        | Reached XP level 6. HP: 32/32 MP: 7/21
   239 | D        | Killed a two-headed ogre
   239 | D        | Reached * piety under Vehumet
   239 | D        | Offered knowledge of Shock by Vehumet.
   239 | D        | Reached skill level 12 in Spellcasting
   239 | D        | Reached XP level 7. HP: 36/36 MP: 2/25
   239 | D        | Reached XP level 8. HP: 41/41 MP: 2/26
   239 | D        | Reached skill level 13 in Spellcasting
   290 | D        | Reached ** piety under Vehumet
   458 | D        | Noticed a wind drake
   458 | D        | Noticed a troll
   458 | D        | Noticed a troll
   460 | D        | Killed a troll
   460 | D        | Offered knowledge of Foxfire by Vehumet.
   461 | D        | Reached skill level 14 in Spellcasting
   462 | D        | Killed a troll
   462 | D        | Reached skill level 15 in Earth Magic
   463 | D        | Killed a wind drake
   463 | D        | Reached *** piety under Vehumet
   463 | D        | Reached skill level 15 in Spellcasting
   465 | D        | Reached XP level 9. HP: 45/45 MP: 11/30
   587 | D        | Noticed Eustachio
   592 | D        | Killed Eustachio
   689 | D        | Noticed a polar bear
   689 | D        | Noticed a black mamba
   691 | D        | Killed a black mamba
   691 | D        | Offered knowledge of Static Discharge by Vehumet.
   691 | D        | Reached **** piety under Vehumet
   691 | D        | Reached skill level 16 in Spellcasting
   708 | D        | Killed a polar bear
   710 | D        | Reached ***** piety under Vehumet
   711 | D        | Noticed a black mamba
   712 | D        | Reached skill level 17 in Spellcasting
   810 | D        | Killed a black mamba
   810 | D        | Offered knowledge of Airstrike by Vehumet.
   850 | D        | Noticed a boulder beetle
   850 | D        | Noticed a polar bear
   850 | D        | Noticed a cane toad
   853 | D        | Killed a cane toad
   853 | D        | Reached skill level 1 in Conjurations
   853 | D        | Reached XP level 10. HP: 51/51 MP: 26/33
   854 | D        | Noticed a cane toad
   857 | D        | Noticed a seven-headed hydra
   857 | D        | Reached skill level 18 in Spellcasting
   857 | D        | HP: 2/51 [boulder beetle (49)]
  1234 | D        | Offered knowledge of Frozen Ramparts by Vehumet.
  1456 | D        | Offered knowledge of Iskenderun's Battlesphere by Vehumet.
  1461 | D        | Killed a boulder beetle
  1461 | D        | Reached skill level 1 in Fighting
  1570 | D        | Killed a cane toad
  1644 | D        | Killed a seven-headed hydra
  1644 | D        | Reached skill level 19 in Spellcasting
  1703 | D        | Noticed an elephant
  1703 | D        | Noticed a dire elephant
  1703 | D        | Noticed an elephant
  1703 | D        | Noticed a dire elephant
  1703 | D        | Noticed an elephant
  1703 | D        | Noticed an elephant
  1713 | D        | Slain by a dire elephant

Illustrated notes

Levels and vault maps discovered:
D:        linesprint [early_d, line_temple, items_1, d_10, items_2, lair_1,
          lair_end, items_3, orc_1, orc_end, items_4, d_15, swamp_1, shoals_1,
          snake_1, spider_1, d_20, vaults_1, items_5, swamp_end, shoals_end,
          snake_end, spider_end, vaults_end, d_27, items_6, zot_1, zot_end,
          crypt_end, forest_end, elf_end, slime_end, tomb_end, abyss_end,
          pan_hell_end]

Skill      XL: |  1  2  3  4  5  6  7  8  9 10 |
---------------+-------------------------------+-----
Earth Magic    | 5 6 8 11 13 15 17 18 | 18.8
Dodging        | 3 4 5 6 |  6.9
Stealth        | 3 4 5 6 7 |  7.0
Spellcasting   | 4 5 7 10 12 15 17 19 | 19.2
Conjurations   | 1 2 |  2.0
Fighting       | 1 |  1.1
Transmutations | |  1.9

Action                   |  1- 3 |  4- 6 |  7- 9 | 10-12 || total
-------------------------+-------+-------+-------+-------++-------
 Cast: Sandblast         |    13 |     2 |       |       ||    15
       Lee's Rapid Decon |       |     2 |    18 |    22 ||    42
       Stone Arrow       |       |       |     4 |     3 ||     7
       Petrify           |       |       |       |     5 ||     5
  Use: Potion            |     1 |       |       |     3 ||     4
       Scroll            |       |       |       |     2 ||     2
Armor: Robe              |       |       |       |     3 ||     3
Dodge: Dodged            |     4 |     1 |     3 |     5 ||    13

Table legend: (Time is in decaauts)
 A = Elapsed time spent in this place.
 B = Non-inter-level travel time spent in this place.
 C = Inter-level travel time spent in this place.
 D = Time resting spent in this place.
 E = Time spent auto-exploring this place.
 F = Levels seen in this place.
 G = Mean time per level.
                   A        B        C        D        E       F      G
               +--------+--------+--------+--------+--------+-----+--------+
         Total |   1711 |   1711 |      0 |   1228 |     39 |   1 | 1711.0 |
       Dungeon |   1711 |   1711 |      0 |   1228 |     39 |   1 | 1711.0 |
               +--------+--------+--------+--------+--------+-----+--------+

Top non-repeatable levels by time:
       D: 1711 daAuts
